Icehogs vs Senators
(R1)
Created - February 15, 2024 at 19:26
Goals
|
| Icehogs |
2 |
1 |
2 |
1 |
6 |
| Senators |
2 |
1 |
2 |
0 |
5 |
|
Shots
|
| Icehogs |
10 |
9 |
7 |
1 |
27 |
| Senators |
21 |
8 |
5 |
0 |
34 |
|
1st period
1. Senators , Keegan Lowe 4 (Christoph Bertschy 51, Zachary Sanford 44) at 6:09 (PP)
2. Icehogs , Hudson Fasching 37 (Mike Reilly 27, Mikhail Grigorenko 37) at 9:38
3. Icehogs , Mikhail Grigorenko 31 (Hudson Fasching 34, Dillon Dube 26) at 9:42
4. Senators , Christoph Bertschy 31 (Jordan Schmaltz 36, Zachary Sanford 45) at 18:45 (PP)
Penalties :
Myles Bell (Roc) for Roughing (Minor) at 5:54, Mike Reilly (Roc) for Holding Stick (Minor) at 18:42
2nd period
5. Senators , Anton Karlsson 10 (Grant Besse 15, Kevin Rooney 20) at 13:44
6. Icehogs , Andrew Poturalski 5 (Myles Bell 12, J.T. Brown 32) at 19:48 (PP)
Penalties :
Kurtis Gabriel (Roc) for Slashing (Minor) at 0:44, Jeremy Davies (Roc) for Slashing (Minor) at 6:22, Nikita Scherbak (Roc) for Slashing (Minor) at 11:19, Zachary Sanford (Bel) for Hooking (Minor) at 17:54
3rd period
7. Senators , Christoph Bertschy 32 (Carl Grundstrom 11, Keegan Lowe 24) at 1:41
8. Icehogs , Nick Paul 16 (Kurtis Gabriel 13) at 4:28
9. Senators , C.J Suess 16 (Joonas Lyytinen 12, Mason Appleton 18) at 5:06
10. Icehogs , Nikita Scherbak 16 (Jeremy Davies 8, Ross Johnston 3) at 6:20
Penalties :
Julius Honka (Roc) for Hooking (Minor) at 9:54, C.J Suess (Bel) for Hooking (Minor) at 14:51
Overtime #1
11. Icehogs , Kurtis Gabriel 14 (Mikhail Grigorenko 38, Hudson Fasching 35) at 0:42
Penalties :
No Penalty
Goalie Stats
Oscar Dansk (Roc), 29 saves from 34 shots - (0.853), W, 3-8-1, 60:42 minutes
David Rittich (Bel), 21 saves from 27 shots - (0.778), OTL, 18-17-3, 60:42 minutes
Players Stats for Icehogs
Player Name G A P +/- PIM S H SB GA TA FO MP PP MP PK MP
------------------------------------------------------------------------------------
Adam Boqvist 0 0 0 0 0 0 0 1 0 0 0/0 12:23 1:31 0:00
Andrew Poturalski 1 0 1 0 0 1 3 1 1 0 5/10 9:46 1:06 0:23
Calle Andersson 0 0 0 0 0 0 1 1 0 0 0/0 2:59 0:00 0:37
Clark Bishop 0 0 0 1 0 0 1 0 0 0 1/4 12:24 0:02 2:32
Dillon Dube 0 1 1 2 0 0 0 0 0 1 10/18 9:08 0:00 1:11
Duncan Siemens 0 0 0 0 0 0 1 1 0 1 0/0 21:42 1:31 3:40
Hudson Fasching 1 2 3 1 0 5 3 1 0 1 1/1 17:40 2:19 0:00
J.T. Brown 0 1 1 -1 0 4 2 0 1 0 0/1 14:23 1:32 0:00
Jeremy Davies 0 1 1 0 2 1 0 0 0 0 0/0 11:23 0:00 0:26
JJ. Piccinich 0 0 0 0 0 0 0 0 0 0 0/0 1:16 0:02 0:00
Julius Honka 0 0 0 0 2 0 1 0 0 0 0/0 19:23 0:00 2:40
Kristian Reichel 0 0 0 0 0 0 0 0 0 0 0/0 1:15 0:00 0:01
Kurtis Gabriel 1 1 2 1 2 3 2 0 0 1 1/1 10:56 0:00 0:00
Maxim Letunov 0 0 0 0 0 0 0 0 0 0 0/0 0:00 0:00 0:00
Michael Rasmussen 0 0 0 -1 0 1 1 1 0 1 8/15 19:30 0:59 2:42
Mike Reilly 0 1 1 1 2 3 3 2 0 3 0/0 27:49 2:22 4:31
Mikhail Grigorenko 1 2 3 2 0 5 2 0 1 1 0/0 22:41 2:19 5:09
Myles Bell 0 1 1 -1 2 0 4 0 0 0 4/8 21:36 2:16 3:28
Nick Paul 1 0 1 -1 0 2 0 1 1 1 3/4 15:12 1:04 1:02
Nikita Scherbak 1 0 1 1 2 1 1 0 0 0 0/0 8:19 0:00 0:00
Patrick Russell 0 0 0 0 0 0 0 0 0 0 0/0 0:00 0:00 0:00
Patrick Sieloff 0 0 0 2 0 1 3 4 0 1 0/0 25:19 2:22 4:34
Ross Johnston 0 1 1 1 0 0 1 0 0 0 0/0 8:42 0:00 0:00
Thomas DiPauli 0 0 0 0 0 0 0 0 0 0 0/0 0:00 0:00 0:00
Zach Whitecloud 0 0 0 0 0 0 0 0 0 0 0/0 0:00 0:00 0:00
Players Stats for Senators
Player Name G A P +/- PIM S H SB GA TA FO MP PP MP PK MP
------------------------------------------------------------------------------------
Akil Thomas 0 0 0 0 0 0 0 0 0 0 0/3 1:53 0:03 1:50
Alec Regula 0 0 0 0 0 1 0 0 0 0 0/0 4:34 0:00 0:00
Anton Karlsson 1 0 1 -2 0 3 1 0 1 0 0/1 11:40 0:08 1:10
Arttu Ruotsalainen 0 0 0 0 0 0 1 0 0 0 1/1 6:29 0:00 0:00
Bryce Kindopp 0 0 0 0 0 0 0 0 0 0 0/0 0:00 0:00 0:00
C.J Suess 1 0 1 0 2 2 1 0 2 0 0/0 16:57 3:39 0:00
Carl Grundstrom 0 1 1 0 0 1 1 0 0 0 1/1 21:32 4:04 0:00
Christoph Bertschy 2 1 3 0 0 6 2 0 1 1 15/34 24:22 4:11 2:14
Cliff Pu 0 0 0 0 0 0 0 0 0 0 0/0 0:57 0:24 0:00
David Kase 0 0 0 0 0 0 0 0 0 1 0/1 1:30 0:42 0:00
Grant Besse 0 1 1 -2 0 2 1 0 0 0 0/0 10:54 0:04 0:00
Gustav Forsling 0 0 0 0 0 0 0 0 0 0 0/0 4:34 0:00 0:00
Ivan Morozov 0 0 0 0 0 0 0 0 0 0 0/0 0:39 0:00 0:39
Jacob De La Rose 0 0 0 0 0 2 4 1 0 0 8/15 17:29 3:39 0:41
Joonas Lyytinen 0 1 1 0 0 1 0 0 0 0 0/0 19:03 3:06 1:24
Jordan Schmaltz 0 1 1 -3 0 2 0 3 0 1 0/0 27:39 5:08 2:29
Keegan Lowe 1 1 2 -2 0 1 0 0 0 0 0/0 26:57 5:08 2:29
Kevin Rooney 0 1 1 -2 0 2 1 1 1 0 3/5 10:17 0:00 0:00
Martin Fehervary 0 0 0 1 0 0 0 0 0 0 0/0 9:26 0:00 0:00
Mason Appleton 0 1 1 1 0 4 2 0 1 0 0/0 16:39 3:39 0:00
Mason Geertsen 0 0 0 1 0 0 1 0 0 0 0/0 9:26 0:00 0:00
Nikita Nesterov 0 0 0 0 0 0 3 2 0 0 0/0 19:03 3:06 1:24
Tomas Hyka 0 0 0 0 0 0 0 0 0 0 0/0 6:29 0:00 0:00
Vitaly Abramov 0 0 0 0 0 1 1 0 0 0 0/0 6:40 0:00 0:10
Zachary Sanford 0 2 2 0 2 6 1 0 5 1 1/1 23:02 4:09 1:02
3 Stars
1 - Mikhail Grigorenko (Roc)
2 - Hudson Fasching (Roc)
3 - Christoph Bertschy (Bel)
Power Play
Icehogs - 1 on 2 Attempt(s) - 50.00%
Senators - 2 on 6 Attempt(s) - 33.33%
Penalty Kill
Icehogs - 4 on 6 Attempt(s) - 66.67%
- Score 0 goal in Penalty Kill
Senators - 1 on 2 Attempt(s) - 50.00%
- Score 0 goal in Penalty Kill
Team Stat
Icehogs - Hits : 29 - Faceoff Wins : 33 - Blocked Shots : 13 - Penalty Minutes : 12
Senators - Hits : 20 - Faceoff Wins : 29 - Blocked Shots : 7 - Penalty Minutes : 4
Official
Referees : Jacob Brenk and Mitch Dunning
Linesman : Kory Nagy and Michel Cormier
Game Notes
Dillon Dube is injured at 2:00 of 2nd period (Abdomen/Ribs)
Finance
Level 1 -- Attendance: 1826 (91.30%) -- Ticket Income $127,820
Level 2 -- Attendance: 838 (83.80%) -- Ticket Income $33,520
Total Attendance: 2664 (88.80%)
Total Ticket Income: $161,340
Other Income: $8,067
Total Income: $169,407
Icehogs
5 vs 5 Forward
Center Left Wing Right Wing Time % Phy DF OF
1 Dillon Dube Mikhail Grigorenko Hudson Fasching 40 1 2 2
2 Michael Rasmussen Myles Bell J.T. Brown 30 1 2 2
3 Andrew Poturalski Nick Paul Kurtis Gabriel 20 1 2 2
4 Clark Bishop Ross Johnston Nikita Scherbak 10 1 2 2
5 vs 5 Defense
Defense Defense Time % Phy DF OF
1 Mike Reilly Patrick Sieloff 40 1 2 2
2 Julius Honka Duncan Siemens 30 1 2 2
3 Adam Boqvist Jeremy Davies 20 1 2 2
4 Calle Andersson Mike Reilly 10 1 2 2
PowerPlay Forward
Center Left Wing Right Wing Time % Phy DF OF
1 Dillon Dube Mikhail Grigorenko Hudson Fasching 60 1 2 2
2 Andrew Poturalski Myles Bell J.T. Brown 40 1 2 2
PowerPlay Defense
Defense Defense Time % Phy DF OF
1 Mike Reilly Patrick Sieloff 60 1 2 2
2 Adam Boqvist Duncan Siemens 40 1 2 2
Penalty Kill 4 Players Forward
Center Wing Time % Phy DF OF
1 Dillon Dube Mikhail Grigorenko 60 1 2 2
2 Andrew Poturalski Myles Bell 40 1 2 2
Penalty Kill 4 Players Defense
Defense Defense Time % Phy DF OF
1 Mike Reilly Patrick Sieloff 60 1 2 2
2 Julius Honka Duncan Siemens 40 1 2 2
Penalty Kill - 3 Players Forward
Forward Time % Phy DF OF
1 Dillon Dube 60 1 2 2
2 Andrew Poturalski 40 1 2 2
Penalty Kill - 3 Players Defense
Defense Defense Time % Phy DF OF
1 Mike Reilly Patrick Sieloff 60 1 2 2
2 Julius Honka Duncan Siemens 40 1 2 2
4 vs 4 Forward
Center Wing Time % Phy DF OF
1 Dillon Dube Mikhail Grigorenko 60 1 2 2
2 Andrew Poturalski Myles Bell 40 1 2 2
4 vs 4 Defense
Defense Defense Time % Phy DF OF
1 Mike Reilly Patrick Sieloff 60 1 2 2
2 Julius Honka Duncan Siemens 40 1 2 2
Last Minutes Offensive
Center Left Wing Right Wing Defense Defense
Dillon Dube Mikhail Grigorenko Hudson Fasching Mike Reilly Patrick Sieloff
Last Minutes Defensive
Center Left Wing Right Wing Defense Defense
Dillon Dube Mikhail Grigorenko Hudson Fasching Mike Reilly Patrick Sieloff
Goaltenders
Starting : Oscar Dansk
Backup : Mackenzie Blackwood
Extra Forwards
Normal : Myles Bell, Nick Paul, Dillon Dube - PP : Myles Bell, Nick Paul - PK : Myles Bell
Extra Defensemen
Normal : Calle Andersson, Jeremy Davies, Adam Boqvist - PP : Calle Andersson - PK : Calle Andersson, Jeremy Davies
Penalty Shots
Hudson Fasching, J.T. Brown, Mikhail Grigorenko, Kurtis Gabriel, Myles Bell
Custom OT Lines Forwards
Hudson Fasching, J.T. Brown, Mikhail Grigorenko, Kurtis Gabriel, Myles Bell, Nick Paul, Dillon Dube, Nikita Scherbak, Andrew Poturalski, Michael Rasmussen
Custom OT Lines Defensemen
Mike Reilly, Patrick Sieloff, Julius Honka, Duncan Siemens, Calle Andersson
Scratches
Declan Chisholm (Healthy), Jackson Cates (Healthy), Mitchell Chaffee (Healthy), Gabriel Fortier (Healthy), Petr Kvaca (Healthy)
Senators
5 vs 5 Forward
Center Left Wing Right Wing Time % Phy DF OF
1 Christoph Bertschy Zachary Sanford Carl Grundstrom 40 1 2 2
2 Jacob De La Rose C.J Suess Mason Appleton 30 1 2 2
3 Kevin Rooney Anton Karlsson Grant Besse 20 1 2 2
4 Arttu Ruotsalainen Vitaly Abramov Tomas Hyka 10 1 2 2
5 vs 5 Defense
Defense Defense Time % Phy DF OF
1 Jordan Schmaltz Keegan Lowe 40 1 2 2
2 Joonas Lyytinen Nikita Nesterov 30 1 2 2
3 Mason Geertsen Martin Fehervary 20 1 2 2
4 Gustav Forsling Alec Regula 10 1 2 2
PowerPlay Forward
Center Left Wing Right Wing Time % Phy DF OF
1 Christoph Bertschy Zachary Sanford Carl Grundstrom 60 1 2 2
2 Jacob De La Rose C.J Suess Mason Appleton 40 1 2 2
PowerPlay Defense
Defense Defense Time % Phy DF OF
1 Jordan Schmaltz Keegan Lowe 60 1 2 2
2 Joonas Lyytinen Nikita Nesterov 40 1 2 2
Penalty Kill 4 Players Forward
Center Wing Time % Phy DF OF
1 Zachary Sanford Christoph Bertschy 60 1 2 2
2 Jacob De La Rose C.J Suess 40 1 2 2
Penalty Kill 4 Players Defense
Defense Defense Time % Phy DF OF
1 Jordan Schmaltz Keegan Lowe 60 1 2 2
2 Joonas Lyytinen Nikita Nesterov 40 1 2 2
Penalty Kill - 3 Players Forward
Forward Time % Phy DF OF
1 Zachary Sanford 60 1 2 2
2 Christoph Bertschy 40 1 2 2
Penalty Kill - 3 Players Defense
Defense Defense Time % Phy DF OF
1 Jordan Schmaltz Keegan Lowe 60 1 2 2
2 Joonas Lyytinen Nikita Nesterov 40 1 2 2
4 vs 4 Forward
Center Wing Time % Phy DF OF
1 Zachary Sanford Christoph Bertschy 60 1 2 2
2 Jacob De La Rose C.J Suess 40 1 2 2
4 vs 4 Defense
Defense Defense Time % Phy DF OF
1 Jordan Schmaltz Keegan Lowe 60 1 2 2
2 Joonas Lyytinen Nikita Nesterov 40 1 2 2
Last Minutes Offensive
Center Left Wing Right Wing Defense Defense
Christoph Bertschy Zachary Sanford Carl Grundstrom Jordan Schmaltz Keegan Lowe
Last Minutes Defensive
Center Left Wing Right Wing Defense Defense
Christoph Bertschy Zachary Sanford Carl Grundstrom Jordan Schmaltz Keegan Lowe
Goaltenders
Starting : David Rittich
Backup : Arvid Soderblom
Extra Forwards
Normal : David Kase, Cliff Pu, Akil Thomas - PP : David Kase, Cliff Pu - PK : Akil Thomas
Extra Defensemen
Normal : Mason Geertsen, Martin Fehervary, Gustav Forsling - PP : Mason Geertsen - PK : Martin Fehervary, Gustav Forsling
Penalty Shots
Zachary Sanford, Christoph Bertschy, Jacob De La Rose, C.J Suess, Kevin Rooney
Custom OT Lines Forwards
Zachary Sanford, Christoph Bertschy, Jacob De La Rose, C.J Suess, Kevin Rooney, Carl Grundstrom, Mason Appleton, Grant Besse, Anton Karlsson, Tomas Hyka
Custom OT Lines Defensemen
Jordan Schmaltz, Keegan Lowe, Joonas Lyytinen, Nikita Nesterov, Mason Geertsen
Scratches
Brendan Perlini (Back Spasms Injury), Jonas Siegenthaler (Sprained Right Finger Injury), Olivier Rodrigue (Healthy), Olle Eriksson Ek (Healthy)
% Time on Ice - Icehogs
Lines # - Real PCT - Wanted PCT - Time Play
Normal Forward
1 - 37% - 40% - 17:46
2 - 29% - 30% - 13:42
3 - 17% - 20% - 8:17
4 - 17% - 10% - 8:08
Normal Defense
1 - 38% - 40% - 18:08
2 - 34% - 30% - 16:31
3 - 23% - 20% - 10:52
4 - 5% - 10% - 2:22
PP Forward
1 - 72% - 60% - 2:47
2 - 28% - 40% - 1:06
PP Defense
1 - 61% - 60% - 2:22
2 - 39% - 40% - 1:31
PK Forward
1 - 95% - 60% - 7:51
2 - 5% - 40% - 0:23
PK Defense
1 - 55% - 60% - 4:34
2 - 45% - 40% - 3:40
PK3 Forward
1 - 0% - 60%
2 - 0% - 40%
PK3 Defense
1 - 0% - 60%
2 - 0% - 40%
44 Forward
1 - 0% - 60%
2 - 0% - 40%
44 Defense
1 - 0% - 60%
2 - 0% - 40%
Last Minute Offensive - 0:00
Last Minute Defensive - 0:00
Total
Forward - 60:00
Defense - 60:00
|
% Time on Ice - Senators
Lines # - Real PCT - Wanted PCT - Time Play
Normal Forward
1 - 38% - 40% - 18:06
2 - 27% - 30% - 13:01
3 - 21% - 20% - 10:17
4 - 14% - 10% - 6:29
Normal Defense
1 - 40% - 40% - 19:20
2 - 30% - 30% - 14:33
3 - 20% - 20% - 9:26
4 - 10% - 10% - 4:34
PP Forward
1 - 56% - 60% - 4:35
2 - 44% - 40% - 3:39
PP Defense
1 - 62% - 60% - 5:08
2 - 38% - 40% - 3:06
PK Forward
1 - 82% - 60% - 3:12
2 - 18% - 40% - 0:41
PK Defense
1 - 64% - 60% - 2:29
2 - 36% - 40% - 1:24
PK3 Forward
1 - 0% - 60%
2 - 0% - 40%
PK3 Defense
1 - 0% - 60%
2 - 0% - 40%
44 Forward
1 - 0% - 60%
2 - 0% - 40%
44 Defense
1 - 0% - 60%
2 - 0% - 40%
Last Minute Offensive - 0:00
Last Minute Defensive - 0:00
Total
Forward - 60:00
Defense - 60:00
|
Play-by-Play
1st period
0:01 of 1st period - Dillon Dube wins face-off versus Christoph Bertschy in neutral zone.
0:26 of 1st period - Jordan Schmaltz is hit by J.T. Brown.
1:38 of 1st period - Snap shot by Arttu Ruotsalainen.
1:38 of 1st period - Shot Misses the Net.
1:58 of 1st period - Snap shot by C.J Suess.
1:58 of 1st period - Shot Blocked by Adam Boqvist.
2:00 of 1st period - Slapshot by Joonas Lyytinen.
2:00 of 1st period - Stopped by Oscar Dansk with a rebound.
2:02 of 1st period - Slapshot by Joonas Lyytinen.
2:02 of 1st period - Shot Misses the Net.
3:37 of 1st period - Slapshot by Kevin Rooney.
3:37 of 1st period - Stopped by Oscar Dansk with a rebound.
3:39 of 1st period - Slapshot by Alec Regula.
3:39 of 1st period - Stopped by Oscar Dansk without a rebound.
3:40 of 1st period - Kevin Rooney wins face-off versus Michael Rasmussen in Icehogs zone.
3:59 of 1st period - Snap shot by Grant Besse.
3:59 of 1st period - Stopped by Oscar Dansk with a rebound.
4:01 of 1st period - Slapshot by Kevin Rooney.
4:01 of 1st period - Stopped by Oscar Dansk with a rebound.
4:03 of 1st period - Backhand shot by Jordan Schmaltz.
4:03 of 1st period - Stopped by Oscar Dansk with a rebound.
4:13 of 1st period - Snap shot by Kevin Rooney.
4:13 of 1st period - Shot Misses the Net.
4:15 of 1st period - Wrist shot by Grant Besse.
4:15 of 1st period - Deflect By Anton Karlsson.
4:15 of 1st period - Stopped by Oscar Dansk with a rebound.
4:19 of 1st period - Snap shot by Anton Karlsson.
4:19 of 1st period - Stopped by Oscar Dansk with a rebound.
4:21 of 1st period - Slapshot by Martin Fehervary.
4:21 of 1st period - Deflect By Kevin Rooney.
4:21 of 1st period - Shot Misses the Net.
4:21 of 1st period - Puck is out of play.
4:22 of 1st period - Christoph Bertschy wins face-off versus Dillon Dube in Icehogs zone.
4:48 of 1st period - Jacob De La Rose is hit by Andrew Poturalski.
4:52 of 1st period - Nick Paul is hit by Jacob De La Rose and loses puck.
5:14 of 1st period - Clark Bishop is hit by Jacob De La Rose and loses puck.
5:33 of 1st period - Slapshot by Hudson Fasching.
5:33 of 1st period - Shot Misses the Net.
5:54 of 1st period - Minor Penalty to Myles Bell for Roughing.
5:55 of 1st period - Dillon Dube wins face-off versus Christoph Bertschy in Icehogs zone.
6:07 of 1st period - Snap shot by Christoph Bertschy.
6:07 of 1st period - Stopped by Oscar Dansk with a rebound.
6:09 of 1st period - Wrist shot by Keegan Lowe.
6:09 of 1st period - Goal by Keegan Lowe - Icehogs : 0 - Senators : 1.
6:10 of 1st period - Christoph Bertschy wins face-off versus Dillon Dube in neutral zone.
6:17 of 1st period - Wrist shot by Christoph Bertschy.
6:17 of 1st period - Stopped by Oscar Dansk without a rebound.
6:18 of 1st period - Dillon Dube wins face-off versus Christoph Bertschy in Icehogs zone.
6:35 of 1st period - Snap shot by Zachary Sanford.
6:35 of 1st period - Stopped by Oscar Dansk with a rebound.
6:43 of 1st period - Backhand shot by Zachary Sanford.
6:43 of 1st period - Stopped by Oscar Dansk with a rebound.
6:45 of 1st period - Snap shot by Christoph Bertschy.
6:45 of 1st period - Shot Blocked by Hudson Fasching.
6:47 of 1st period - Slapshot by Carl Grundstrom.
6:47 of 1st period - Shot Blocked by Patrick Sieloff.
6:53 of 1st period - Backhand shot by Zachary Sanford.
6:53 of 1st period - Deflect By Christoph Bertschy.
6:53 of 1st period - Shot Misses the Net.
6:53 of 1st period - Puck is out of play.
6:54 of 1st period - Jacob De La Rose wins face-off versus Andrew Poturalski in Icehogs zone.
7:07 of 1st period - Wrist shot by Nick Paul.
7:07 of 1st period - Stopped by David Rittich with a rebound.
7:19 of 1st period - Myles Bell is hit by Anton Karlsson and loses puck.
7:49 of 1st period - Martin Fehervary is hit by Calle Andersson and loses puck.
8:53 of 1st period - Wrist shot by J.T. Brown.
8:53 of 1st period - Shot Misses the Net.
9:03 of 1st period - Anton Karlsson is hit by Nikita Scherbak and loses puck.
9:14 of 1st period - Snap shot by Jordan Schmaltz.
9:14 of 1st period - Stopped by Oscar Dansk with a rebound.
9:16 of 1st period - Slapshot by Grant Besse.
9:16 of 1st period - Shot Misses the Net.
9:28 of 1st period - Wrist shot by Hudson Fasching.
9:28 of 1st period - Shot Misses the Net.
9:30 of 1st period - Wrist shot by Hudson Fasching.
9:30 of 1st period - Shot Misses the Net.
9:32 of 1st period - Slapshot by Hudson Fasching.
9:32 of 1st period - Stopped by David Rittich with a rebound.
9:34 of 1st period - Slapshot by Mikhail Grigorenko.
9:34 of 1st period - Shot Misses the Net.
9:36 of 1st period - Slapshot by Mike Reilly.
9:36 of 1st period - Shot Misses the Net.
9:38 of 1st period - Snap shot by Hudson Fasching.
9:38 of 1st period - Goal by Hudson Fasching - Icehogs : 1 - Senators : 1.
9:39 of 1st period - Dillon Dube wins face-off versus Christoph Bertschy in neutral zone.
9:42 of 1st period - Wrist shot by Mikhail Grigorenko.
9:42 of 1st period - Goal by Mikhail Grigorenko - Icehogs : 2 - Senators : 1.
9:43 of 1st period - Christoph Bertschy wins face-off versus Dillon Dube in neutral zone.
10:19 of 1st period - Icing by Myles Bell.
10:20 of 1st period - Christoph Bertschy wins face-off versus Michael Rasmussen in Icehogs zone.
10:33 of 1st period - Snap shot by Zachary Sanford.
10:33 of 1st period - Shot Blocked by Patrick Sieloff.
10:35 of 1st period - Wrist shot by Christoph Bertschy.
10:35 of 1st period - Stopped by Oscar Dansk without a rebound.
10:36 of 1st period - Jacob De La Rose wins face-off versus Dillon Dube in Icehogs zone.
10:39 of 1st period - Snap shot by Mason Appleton.
10:39 of 1st period - Stopped by Oscar Dansk with a rebound.
11:03 of 1st period - Carl Grundstrom is hit by Kurtis Gabriel.
12:05 of 1st period - Dillon Dube is hit by C.J Suess and loses puck.
12:24 of 1st period - Wrist shot by Christoph Bertschy.
12:24 of 1st period - Shot Misses the Net.
12:26 of 1st period - Slapshot by Joonas Lyytinen.
12:26 of 1st period - Shot Blocked by Duncan Siemens.
12:28 of 1st period - Wrist shot by Carl Grundstrom.
12:28 of 1st period - Shot Blocked by Andrew Poturalski.
12:30 of 1st period - Snap shot by Zachary Sanford.
12:30 of 1st period - Stopped by Oscar Dansk without a rebound.
12:31 of 1st period - Andrew Poturalski wins face-off versus Christoph Bertschy in Icehogs zone.
12:40 of 1st period - Slapshot by Zachary Sanford.
12:40 of 1st period - Shot Misses the Net.
13:00 of 1st period - Christoph Bertschy is hit by Patrick Sieloff and loses puck.
13:21 of 1st period - Wrist shot by Nick Paul.
13:21 of 1st period - Deflect By Kurtis Gabriel.
13:21 of 1st period - Stopped by David Rittich without a rebound.
13:22 of 1st period - Dillon Dube wins face-off versus Jacob De La Rose in Senators zone.
13:27 of 1st period - Snap shot by Hudson Fasching.
13:27 of 1st period - Shot Misses the Net.
13:49 of 1st period - J.T. Brown is hit by Mason Geertsen and loses puck.
14:05 of 1st period - Icing by Tomas Hyka.
14:06 of 1st period - Kevin Rooney wins face-off versus Clark Bishop in Senators zone.
14:06 of 1st period - Kevin Rooney is hit by Ross Johnston.
14:22 of 1st period - Snap shot by Julius Honka.
14:22 of 1st period - Shot Blocked by Nikita Nesterov.
14:44 of 1st period - Snap shot by Zachary Sanford.
14:44 of 1st period - Stopped by Oscar Dansk with a rebound.
15:00 of 1st period - Snap shot by Arttu Ruotsalainen.
15:00 of 1st period - Shot Misses the Net.
15:20 of 1st period - Snap shot by Mason Appleton.
15:20 of 1st period - Deflect By Jacob De La Rose.
15:20 of 1st period - Stopped by Oscar Dansk with a rebound.
15:40 of 1st period - Wrist shot by J.T. Brown.
15:40 of 1st period - Stopped by David Rittich with a rebound.
15:42 of 1st period - Slapshot by Duncan Siemens.
15:42 of 1st period - Deflect By J.T. Brown.
15:42 of 1st period - Stopped by David Rittich without a rebound.
15:43 of 1st period - Carl Grundstrom wins face-off versus Michael Rasmussen in Senators zone.
15:43 of 1st period - Carl Grundstrom is hit by Patrick Sieloff.
15:54 of 1st period - Mike Reilly is hit by Christoph Bertschy and loses puck.
16:33 of 1st period - Adam Boqvist is hit by Grant Besse and loses puck.
16:50 of 1st period - Martin Fehervary is hit by Myles Bell and loses puck.
16:55 of 1st period - Snap shot by Michael Rasmussen.
16:55 of 1st period - Shot Misses the Net.
17:07 of 1st period - Snap shot by Christoph Bertschy.
17:07 of 1st period - Stopped by Oscar Dansk with a rebound.
17:09 of 1st period - Snap shot by Carl Grundstrom.
17:09 of 1st period - Deflect By Christoph Bertschy.
17:09 of 1st period - Shot Blocked by Calle Andersson.
17:09 of 1st period - Puck is out of play.
17:10 of 1st period - Dillon Dube wins face-off versus Christoph Bertschy in Icehogs zone.
17:17 of 1st period - Slapshot by Mikhail Grigorenko.
17:17 of 1st period - Shot Misses the Net.
17:19 of 1st period - Snap shot by Hudson Fasching.
17:19 of 1st period - Stopped by David Rittich without a rebound.
17:20 of 1st period - Christoph Bertschy wins face-off versus Dillon Dube in Senators zone.
17:20 of 1st period - Christoph Bertschy is hit by Hudson Fasching.
17:54 of 1st period - Wrist shot by J.T. Brown.
17:54 of 1st period - Deflect By Michael Rasmussen.
17:54 of 1st period - Shot Misses the Net.
17:54 of 1st period - Puck is out of play.
17:55 of 1st period - Michael Rasmussen wins face-off versus Christoph Bertschy in Senators zone.
18:21 of 1st period - Joonas Lyytinen is hit by Patrick Sieloff and loses puck.
18:28 of 1st period - Snap shot by Nick Paul.
18:28 of 1st period - Deflect By Kurtis Gabriel.
18:28 of 1st period - Stopped by David Rittich without a rebound.
18:29 of 1st period - Jacob De La Rose wins face-off versus Dillon Dube in Senators zone.
18:39 of 1st period - Icing by Jordan Schmaltz.
18:40 of 1st period - Dillon Dube wins face-off versus Jacob De La Rose in Senators zone.
18:42 of 1st period - Minor Penalty to Mike Reilly for Holding Stick.
18:43 of 1st period - Christoph Bertschy wins face-off versus Dillon Dube in Icehogs zone.
18:43 of 1st period - Wrist shot by Zachary Sanford.
18:43 of 1st period - Shot Misses the Net.
18:45 of 1st period - Slapshot by Jordan Schmaltz.
18:45 of 1st period - Deflect By Christoph Bertschy.
18:45 of 1st period - Goal by Christoph Bertschy - Icehogs : 2 - Senators : 2.
18:46 of 1st period - Dillon Dube wins face-off versus Christoph Bertschy in neutral zone.
18:51 of 1st period - Snap shot by Mikhail Grigorenko.
18:51 of 1st period - Stopped by David Rittich without a rebound.
18:52 of 1st period - Hudson Fasching wins face-off versus Christoph Bertschy in Senators zone.
18:53 of 1st period - Snap shot by Mikhail Grigorenko.
18:53 of 1st period - Shot Blocked by Jordan Schmaltz.
Goals for this period are 2 for Icehogs vs 2 for Senators.
Shots for this period are 10 for Icehogs vs 21 for Senators.
2nd period
0:01 of 2nd period - Jacob De La Rose wins face-off versus Michael Rasmussen in neutral zone.
0:01 of 2nd period - Jacob De La Rose is hit by Mike Reilly.
0:44 of 2nd period - Minor Penalty to Kurtis Gabriel for Slashing.
0:45 of 2nd period - Dillon Dube wins face-off versus Christoph Bertschy in Icehogs zone.
1:20 of 2nd period - Icing by Zachary Sanford.
1:21 of 2nd period - Christoph Bertschy wins face-off versus Andrew Poturalski in Senators zone.
1:28 of 2nd period - Snap shot by C.J Suess.
1:28 of 2nd period - Stopped by Oscar Dansk with a rebound.
1:48 of 2nd period - Snap shot by Mikhail Grigorenko.
1:48 of 2nd period - Stopped by David Rittich without a rebound.
1:49 of 2nd period - Christoph Bertschy wins face-off versus Dillon Dube in Senators zone.
1:58 of 2nd period - Snap shot by Christoph Bertschy.
1:58 of 2nd period - Deflect By Carl Grundstrom.
1:58 of 2nd period - Shot Misses the Net.
1:58 of 2nd period - Puck is out of play.
1:59 of 2nd period - Dillon Dube wins face-off versus Christoph Bertschy in Icehogs zone.
1:59 of 2nd period - Dillon Dube is hit by Christoph Bertschy.
2:00 of 2nd period - Dillon Dube from Icehogs is injured at 2:00 of 2nd period (Abdomen/Ribs).
2:01 of 2nd period - Christoph Bertschy wins face-off versus Myles Bell in Icehogs zone.
2:44 of 2nd period - Penalty to Kurtis Gabriel is over, Kurtis Gabriel is back on ice.
3:01 of 2nd period - Keegan Lowe is hit by Myles Bell and loses puck.
3:10 of 2nd period - Christoph Bertschy is hit by Duncan Siemens and loses puck.
4:54 of 2nd period - Snap shot by Zachary Sanford.
4:54 of 2nd period - Stopped by Oscar Dansk with a rebound.
4:56 of 2nd period - Wrist shot by Carl Grundstrom.
4:56 of 2nd period - Stopped by Oscar Dansk without a rebound.
4:57 of 2nd period - Nick Paul wins face-off versus Jacob De La Rose in Icehogs zone.
5:04 of 2nd period - Joonas Lyytinen is hit by Mikhail Grigorenko and loses puck.
5:40 of 2nd period - Icing by Mike Reilly.
5:41 of 2nd period - Arttu Ruotsalainen wins face-off versus Nick Paul in Icehogs zone.
5:46 of 2nd period - Slapshot by Arttu Ruotsalainen.
5:46 of 2nd period - Shot Misses the Net.
6:10 of 2nd period - Wrist shot by Jacob De La Rose.
6:10 of 2nd period - Stopped by Oscar Dansk with a rebound.
6:12 of 2nd period - Wrist shot by C.J Suess.
6:12 of 2nd period - Shot Misses the Net.
6:22 of 2nd period - Minor Penalty to Jeremy Davies for Slashing.
6:23 of 2nd period - Clark Bishop wins face-off versus Jacob De La Rose in Icehogs zone.
6:36 of 2nd period - Wrist shot by Mason Appleton.
6:36 of 2nd period - Stopped by Oscar Dansk without a rebound.
6:37 of 2nd period - Jacob De La Rose wins face-off versus Clark Bishop in Icehogs zone.
6:44 of 2nd period - Snap shot by Jacob De La Rose.
6:44 of 2nd period - Deflect By Mason Appleton.
6:44 of 2nd period - Stopped by Oscar Dansk without a rebound.
6:45 of 2nd period - Jacob De La Rose wins face-off versus Clark Bishop in Icehogs zone.
6:56 of 2nd period - Snap shot by Mikhail Grigorenko.
6:56 of 2nd period - Stopped by David Rittich with a rebound.
7:16 of 2nd period - Julius Honka is hit by Nikita Nesterov.
8:00 of 2nd period - Myles Bell is hit by Nikita Nesterov and loses puck.
8:22 of 2nd period - Penalty to Jeremy Davies is over, Jeremy Davies is back on ice.
8:41 of 2nd period - Nick Paul is hit by Vitaly Abramov and loses puck.
9:52 of 2nd period - Mason Geertsen is hit by Myles Bell and loses puck.
11:19 of 2nd period - Minor Penalty to Nikita Scherbak for Slashing.
11:20 of 2nd period - Myles Bell wins face-off versus Christoph Bertschy in Icehogs zone.
13:09 of 2nd period - Jacob De La Rose is hit by Mike Reilly and loses puck.
13:19 of 2nd period - Penalty to Nikita Scherbak is over, Nikita Scherbak is back on ice.
13:30 of 2nd period - Off-side.
13:31 of 2nd period - Kevin Rooney wins face-off versus Andrew Poturalski in neutral zone.
13:44 of 2nd period - Wrist shot by Anton Karlsson.
13:44 of 2nd period - Goal by Anton Karlsson - Icehogs : 2 - Senators : 3.
13:45 of 2nd period - Michael Rasmussen wins face-off versus Jacob De La Rose in neutral zone.
14:10 of 2nd period - Nikita Nesterov is hit by Mike Reilly and loses puck.
15:09 of 2nd period - C.J Suess is hit by Hudson Fasching and loses puck.
15:13 of 2nd period - Icing by C.J Suess.
15:14 of 2nd period - Nick Paul wins face-off versus Jacob De La Rose in Senators zone.
15:17 of 2nd period - Slapshot by Mikhail Grigorenko.
15:17 of 2nd period - Shot Misses the Net.
15:19 of 2nd period - Slapshot by Nick Paul.
15:19 of 2nd period - Deflect By Mikhail Grigorenko.
15:19 of 2nd period - Shot Misses the Net.
15:19 of 2nd period - Puck is out of play.
15:20 of 2nd period - Jacob De La Rose wins face-off versus Michael Rasmussen in Senators zone.
15:41 of 2nd period - Nikita Nesterov is hit by Myles Bell and loses puck.
16:19 of 2nd period - Snap shot by Mason Appleton.
16:19 of 2nd period - Shot Blocked by Michael Rasmussen.
16:21 of 2nd period - Slapshot by Joonas Lyytinen.
16:21 of 2nd period - Deflect By Jacob De La Rose.
16:21 of 2nd period - Shot Misses the Net.
16:21 of 2nd period - Puck is out of play.
16:22 of 2nd period - Christoph Bertschy wins face-off versus Andrew Poturalski in Icehogs zone.
16:31 of 2nd period - Wrist shot by Zachary Sanford.
16:31 of 2nd period - Stopped by Oscar Dansk with a rebound.
16:33 of 2nd period - Snap shot by Zachary Sanford.
16:33 of 2nd period - Shot Misses the Net.
16:39 of 2nd period - Kurtis Gabriel is hit by Carl Grundstrom and loses puck.
16:52 of 2nd period - Wrist shot by Hudson Fasching.
16:52 of 2nd period - Stopped by David Rittich with a rebound.
16:54 of 2nd period - Slapshot by Hudson Fasching.
16:54 of 2nd period - Shot Blocked by Kevin Rooney.
16:56 of 2nd period - Slapshot by Mike Reilly.
16:56 of 2nd period - Stopped by David Rittich without a rebound.
16:57 of 2nd period - Nick Paul wins face-off versus Kevin Rooney in Senators zone.
17:23 of 2nd period - Nikita Scherbak is hit by Kevin Rooney.
17:54 of 2nd period - Minor Penalty to Zachary Sanford for Hooking.
17:55 of 2nd period - Myles Bell wins face-off versus Akil Thomas in Senators zone.
18:01 of 2nd period - Snap shot by Mikhail Grigorenko.
18:01 of 2nd period - Shot Misses the Net.
18:21 of 2nd period - Keegan Lowe is hit by Mikhail Grigorenko and loses puck.
18:26 of 2nd period - Wrist shot by Hudson Fasching.
18:26 of 2nd period - Shot Blocked by Jordan Schmaltz.
18:28 of 2nd period - Snap shot by Mikhail Grigorenko.
18:28 of 2nd period - Stopped by David Rittich with a rebound.
18:30 of 2nd period - Slapshot by Mike Reilly.
18:30 of 2nd period - Stopped by David Rittich with a rebound.
18:32 of 2nd period - Slapshot by Mike Reilly.
18:32 of 2nd period - Stopped by David Rittich without a rebound.
18:33 of 2nd period - Andrew Poturalski wins face-off versus Akil Thomas in Senators zone.
18:36 of 2nd period - Slapshot by Myles Bell.
18:36 of 2nd period - Deflect By J.T. Brown.
18:36 of 2nd period - Shot Misses the Net.
18:36 of 2nd period - Puck is out of play.
18:37 of 2nd period - Andrew Poturalski wins face-off versus Akil Thomas in Senators zone.
19:36 of 2nd period - Off-side.
19:37 of 2nd period - Myles Bell wins face-off versus Anton Karlsson in neutral zone.
19:44 of 2nd period - Wrist shot by J.T. Brown.
19:44 of 2nd period - Stopped by David Rittich with a rebound.
19:46 of 2nd period - Slapshot by Myles Bell.
19:46 of 2nd period - Shot Misses the Net.
19:48 of 2nd period - Wrist shot by Andrew Poturalski.
19:48 of 2nd period - Goal by Andrew Poturalski - Icehogs : 3 - Senators : 3.
19:49 of 2nd period - Michael Rasmussen wins face-off versus Christoph Bertschy in neutral zone.
19:54 of 2nd period - Keegan Lowe is hit by J.T. Brown and loses puck.
Goals for this period are 1 for Icehogs vs 1 for Senators.
Shots for this period are 9 for Icehogs vs 8 for Senators.
3rd period
0:01 of 3rd period - Michael Rasmussen wins face-off versus Christoph Bertschy in neutral zone.
0:10 of 3rd period - Wrist shot by Christoph Bertschy.
0:10 of 3rd period - Shot Blocked by Patrick Sieloff.
0:12 of 3rd period - Snap shot by Christoph Bertschy.
0:12 of 3rd period - Shot Blocked by Patrick Sieloff.
0:14 of 3rd period - Snap shot by Jordan Schmaltz.
0:14 of 3rd period - Shot Blocked by Mike Reilly.
0:30 of 3rd period - Wrist shot by Hudson Fasching.
0:30 of 3rd period - Stopped by David Rittich with a rebound.
1:41 of 3rd period - Snap shot by Christoph Bertschy.
1:41 of 3rd period - Goal by Christoph Bertschy - Icehogs : 3 - Senators : 4.
1:42 of 3rd period - Christoph Bertschy wins face-off versus Michael Rasmussen in neutral zone.
2:07 of 3rd period - Patrick Sieloff is hit by Mason Appleton and loses puck.
2:11 of 3rd period - Nick Paul is hit by Jacob De La Rose.
2:35 of 3rd period - Nikita Nesterov is hit by Clark Bishop and loses puck.
2:54 of 3rd period - Grant Besse is hit by Kurtis Gabriel and loses puck.
4:26 of 3rd period - Snap shot by Kurtis Gabriel.
4:26 of 3rd period - Deflect By Nick Paul.
4:26 of 3rd period - Shot Blocked by Jordan Schmaltz.
4:26 of 3rd period - Puck is out of play.
4:27 of 3rd period - Kurtis Gabriel wins face-off versus Kevin Rooney in Senators zone.
4:28 of 3rd period - Wrist shot by Nick Paul.
4:28 of 3rd period - Goal by Nick Paul - Icehogs : 4 - Senators : 4.
4:29 of 3rd period - Michael Rasmussen wins face-off versus Christoph Bertschy in neutral zone.
4:57 of 3rd period - Hudson Fasching is hit by Mason Appleton and loses puck.
5:02 of 3rd period - Snap shot by Mason Appleton.
5:02 of 3rd period - Shot Blocked by Mike Reilly.
5:04 of 3rd period - Slapshot by Joonas Lyytinen.
5:04 of 3rd period - Shot Blocked by Nick Paul.
5:06 of 3rd period - Slapshot by Joonas Lyytinen.
5:06 of 3rd period - Deflect By C.J Suess.
5:06 of 3rd period - Goal by C.J Suess - Icehogs : 4 - Senators : 5.
5:07 of 3rd period - Myles Bell wins face-off versus Christoph Bertschy in neutral zone.
5:10 of 3rd period - Slapshot by Patrick Sieloff.
5:10 of 3rd period - Shot Blocked by Nikita Nesterov.
5:14 of 3rd period - Wrist shot by Michael Rasmussen.
5:14 of 3rd period - Shot Misses the Net.
5:16 of 3rd period - Wrist shot by Michael Rasmussen.
5:16 of 3rd period - Stopped by David Rittich without a rebound.
5:17 of 3rd period - Christoph Bertschy wins face-off versus Michael Rasmussen in Senators zone.
5:23 of 3rd period - Slapshot by J.T. Brown.
5:23 of 3rd period - Stopped by David Rittich without a rebound.
5:24 of 3rd period - Michael Rasmussen wins face-off versus Christoph Bertschy in Senators zone.
5:37 of 3rd period - Slapshot by Myles Bell.
5:37 of 3rd period - Shot Misses the Net.
6:18 of 3rd period - Snap shot by Jeremy Davies.
6:18 of 3rd period - Stopped by David Rittich with a rebound.
6:20 of 3rd period - Slapshot by Jeremy Davies.
6:20 of 3rd period - Deflect By Nikita Scherbak.
6:20 of 3rd period - Goal by Nikita Scherbak - Icehogs : 5 - Senators : 5.
6:21 of 3rd period - Michael Rasmussen wins face-off versus Christoph Bertschy in neutral zone.
6:30 of 3rd period - Slapshot by Patrick Sieloff.
6:30 of 3rd period - Stopped by David Rittich with a rebound.
6:46 of 3rd period - Nick Paul is hit by Jacob De La Rose and loses puck.
6:57 of 3rd period - Jacob De La Rose is hit by Hudson Fasching and loses puck.
7:20 of 3rd period - Wrist shot by Grant Besse.
7:20 of 3rd period - Stopped by Oscar Dansk with a rebound.
7:59 of 3rd period - Julius Honka is hit by Arttu Ruotsalainen and loses puck.
8:20 of 3rd period - Snap shot by C.J Suess.
8:20 of 3rd period - Deflect By Jacob De La Rose.
8:20 of 3rd period - Shot Misses the Net.
8:20 of 3rd period - Puck is out of play.
8:21 of 3rd period - Christoph Bertschy wins face-off versus Myles Bell in Icehogs zone.
8:48 of 3rd period - Mason Appleton is hit by Andrew Poturalski and loses puck.
8:54 of 3rd period - Off-side.
8:55 of 3rd period - Andrew Poturalski wins face-off versus Jacob De La Rose in neutral zone.
9:54 of 3rd period - Minor Penalty to Julius Honka for Hooking.
9:55 of 3rd period - Christoph Bertschy wins face-off versus Myles Bell in Icehogs zone.
11:54 of 3rd period - Penalty to Julius Honka is over, Julius Honka is back on ice.
12:02 of 3rd period - Grant Besse is hit by Julius Honka and loses puck.
12:06 of 3rd period - Icing by Keegan Lowe.
12:07 of 3rd period - Andrew Poturalski wins face-off versus David Kase in Senators zone.
12:10 of 3rd period - Snap shot by Nick Paul.
12:10 of 3rd period - Shot Misses the Net.
14:08 of 3rd period - Icing by Arttu Ruotsalainen.
14:09 of 3rd period - Jacob De La Rose wins face-off versus Andrew Poturalski in Senators zone.
14:18 of 3rd period - Slapshot by Mason Appleton.
14:18 of 3rd period - Shot Misses the Net.
14:23 of 3rd period - Wrist shot by Mason Appleton.
14:23 of 3rd period - Stopped by Oscar Dansk without a rebound.
14:24 of 3rd period - Michael Rasmussen wins face-off versus Christoph Bertschy in Icehogs zone.
14:24 of 3rd period - Michael Rasmussen is hit by Zachary Sanford.
14:51 of 3rd period - Minor Penalty to C.J Suess for Hooking.
14:52 of 3rd period - Christoph Bertschy wins face-off versus Myles Bell in Senators zone.
15:20 of 3rd period - Zachary Sanford is hit by Andrew Poturalski.
16:51 of 3rd period - Penalty to C.J Suess is over, C.J Suess is back on ice.
17:24 of 3rd period - Wrist shot by Vitaly Abramov.
17:24 of 3rd period - Stopped by Oscar Dansk with a rebound.
18:45 of 3rd period - Mikhail Grigorenko is hit by Nikita Nesterov and loses puck.
19:33 of 3rd period - Jordan Schmaltz is hit by Michael Rasmussen and loses puck.
Goals for this period are 2 for Icehogs vs 2 for Senators.
Shots for this period are 7 for Icehogs vs 5 for Senators.
Overtime #1
0:01 of 1st overtime period - Zachary Sanford wins face-off versus J.T. Brown in neutral zone.
0:40 of 1st overtime period - Snap shot by Kurtis Gabriel.
0:40 of 1st overtime period - Shot Blocked by Jacob De La Rose.
0:42 of 1st overtime period - Wrist shot by Kurtis Gabriel.
0:42 of 1st overtime period - Goal by Kurtis Gabriel - Icehogs : 6 - Senators : 5.
Goals for this period are 1 for Icehogs vs 0 for Senators.
Shots for this period are 1 for Icehogs vs 0 for Senators.